 Dungeon Sprint DCSS version 0.29-a0-613-gf2c431b9b9 (webtiles) character file.

Game seed: 13801124936429424596

46 mhtbhm the Summoner (level 3, -5/18 (19) HPs)
             Began as a Tengu Summoner on June 16, 2022.
             Slain by Crazy Yiuf
             ... wielding a +3 quarterstaff of chaos
              (6 damage)
             ... in the Dungeon (Sprint III: "The Ten Rune Challenge").
             The game lasted 00:01:29 (388 turns).

mhtbhm the Summoner (Tengu Summoner)                 Turns: 388, Time: 00:01:31

HP:   -5/18 (19)    AC:  2    Str:  8    XL:     3   Next: 66%
MP:   1/8           EV: 13    Int: 17    God:
Gold: 19            SH:  0    Dex: 14    Spells: 2/8 levels left

rFire   . . .      SeeInvis .   (no weapon)
rCold   . . .      Faith    .   (no shield)
rNeg    . . .      Spirit   .   a - +0 robe {Archmagi}
rPois   .          Reflect  .   (helmet restricted)
rElec   .          Harm     .   (no cloak)
rCorr   .          Rampage  .   (no gloves)
Will    .....      Archmagi +   (boots unavailable)
Stlth   ++........ NoTele   +   (no amulet)
HPRegen 0.06/turn               (no ring)
MPRegen 0.11/turn               (no ring)

@: drained
A: beak, talons 3
a: no special abilities


You were in the Dungeon.
You visited 1 branch You collected 19 gold pieces.

Inventory:

Armour
 a - a +0 robe of the Archmagi (worn)
Scrolls
 g - a scroll of blinking
Potions
 b - 2 potions of magic
 c - a potion of curing
 e - a potion of haste


   Skills:
 + Level 3.0 Dodging
 + Level 2.4 Stealth
 + Level 3.4 Spellcasting
 + Level 8.3 Summonings


You had 2 spell levels left.
You knew the following spells:

 Your Spells              Type           Power      Damage    Failure   Level
a - Summon Small Mammal   Summ           100%       N/A       1%          1
b - Call Imp              Summ           47%        N/A       1%          2
c - Call Canine Familiar  Summ           47%        N/A       1%          3

Your spell library contained the following spells:

 Spells                   Type           Power      Damage    Failure   Level
 Summon Guardian Golem    Hex/Summ       25%        N/A       9%          3
 Summon Lightning Spire   Summ/Air       25%        N/A       30%         4


Dungeon Overview and Level Annotations

Branches:
Dungeon (1/1)

Altars:

Annotations:
D Crazy Yiuf


Innate Abilities, Weirdness & Mutations

You have a beak for a mouth.
You have claws for feet.


Message History

Your wolf bites the human.
The human dies!
Your Dodging skill increases to level 3!
Your Spellcasting skill increases to level 3!
Your Summonings skill increases to level 8!
Unknown command.
Unknown command.
Casting: Call Canine Familiar (safe; 1% risk of failure)
Confirm with . or Enter, or press ? or * to list all spells.
You feel a surge of power!
A beastly little devil appears in a puff of flame.
Your wolf closely misses Crazy Yiuf.
Crazy Yiuf closely misses you.
Your wolf completely misses Crazy Yiuf.
Unknown command.
Unknown command.
You barely miss Crazy Yiuf. Your kick misses Crazy Yiuf.
Crazy Yiuf is lightly wounded.
Your wolf closely misses Crazy Yiuf.
Crazy Yiuf barely misses you.
Your crimson imp closely misses Crazy Yiuf.
Unknown command.
Unknown command.
You closely miss Crazy Yiuf. Your kick misses Crazy Yiuf. You peck Crazy Yiuf.
Crazy Yiuf is moderately wounded.
Your wolf completely misses Crazy Yiuf.
Your wolf barely misses Crazy Yiuf.
Crazy Yiuf hits you with a +3 quarterstaff of chaos!
You feel drained.
Your crimson imp hits Crazy Yiuf.
Unknown command.
You feel much better.
Your wolf bites Crazy Yiuf.
Crazy Yiuf hits you with a +3 quarterstaff of chaos!
Ouch! That really hurt!
Crazy Yiuf burns you.
Your wolf barely misses Crazy Yiuf.
Your crimson imp closely misses Crazy Yiuf.
Unknown command.
Unknown command.
You feel better.
Your wolf barely misses Crazy Yiuf.
Crazy Yiuf hits you with a +3 quarterstaff of chaos!
Ouch! That really hurt!
* * * LOW HITPOINT WARNING * * *
Crazy Yiuf freezes you.
You die...

▓##.##.##...# .#
##.##.###..# ..#
▓#.####.##..# ...+
▓.###..##.[##
#p..# ▓#.....##.)#
#h...#
###†.##...##.....#
##..##.5h.#......#
#..###.g##.#.....#
#..# #.@#####....#
▓▓▓▓ ▓▓▓▓ ▓▓▓▓▓


You could see Crazy Yiuf (ally target), a friendly wolf (summoned) and a
friendly crimson imp (summoned).

Vanquished Creatures
  Jessica (D)
1 creature vanquished.

Vanquished Creatures (collateral kills)
  A human (D)
  3 rats (D)
4 creatures vanquished.

Grand Total: 5 creatures vanquished

Notes
Turn   | Place    | Note
-------+----------+-------------------------------------------
     0 | D        | mhtbhm the Tengu Summoner began the quest for the Orb.
     0 | D        | Reached XP level 1. HP: 10/10 MP: 4/4
    16 | D        | Reached skill level 5 in Summonings
   206 | D        | Noticed Jessica
   212 | D        | Killed Jessica
   213 | D        | Reached skill level 7 in Summonings
   213 | D        | Reached XP level 2. HP: 15/15 MP: 3/6
   213 | D        | Reached XP level 3. HP: 19/19 MP: 4/8
   347 | D        | Learned a level 2 spell: Call Imp
   351 | D        | Learned a level 3 spell: Call Canine Familiar
   359 | D        | Noticed Crazy Yiuf
   384 | D        | Reached skill level 8 in Summonings
   388 | D        | Slain by Crazy Yiuf

Illustrated notes

Levels and vault maps discovered:
D:        dungeon_sprint_mu [sprint_mu_entry_cave, sprint_mu_temple_rooms,
          sprint_mu_d1_spiders, sprint_mu_d2_genie, sprint_mu_d3_branching,
          sprint_mu_orc_legion, sprint_mu_elf_gauntlet, sprint_mu_hive_nellie,
          sprint_mu_lair_fedhas, sprint_mu_vaults_butterflies,
          sprint_mu_slime_circle, sprint_mu_shoals_archi,
          sprint_mu_snake_twists, sprint_mu_blade_basic,
          sprint_mu_crypt_chambers, sprint_mu_tomb_spiral,
          sprint_mu_vestibule_basic, sprint_mu_gehenna_hellfire,
          sprint_mu_dis_giant, sprint_mu_tartarus_statrot,
          sprint_mu_cocytus_islands, sprint_mu_zot1]

Skill      XL: |  1  2  3 |
---------------+----------+-----
Summonings     | 7 8 |  8.3
Dodging        | 3 |  3.0
Spellcasting   | 3 |  3.4
Stealth        | |  2.4

Action                   || total
-------------------------++-------
Melee: Unarmed           ||     7
       Kick              ||     1
       Peck              ||     1
 Cast: Summon Small Mamm ||     8
       Call Imp          ||     3
       Call Canine Famil ||     3
  Use: Potion            ||     4
Dodge: Dodged            ||     5

Table legend: (Time is in decaauts)
 A = Elapsed time spent in this place.
 B = Non-inter-level travel time spent in this place.
 C = Inter-level travel time spent in this place.
 D = Time resting spent in this place.
 E = Time spent auto-exploring this place.
 F = Levels seen in this place.
 G = Mean time per level.
                   A        B        C        D        E       F      G
               +--------+--------+--------+--------+--------+-----+--------+
         Total |    399 |    399 |      0 |    286 |     12 |   1 |  399.0 |
       Dungeon |    399 |    399 |      0 |    286 |     12 |   1 |  399.0 |
               +--------+--------+--------+--------+--------+-----+--------+

Top non-repeatable levels by time:
       D: 399 daAuts
